 Dungeon Crawl Stone Soup version 0.21.1-1-g345015f (webtiles) character file.

81 Supreme the Digger (level 4, -1/24 HPs)
             Began as a Gargoyle Earth Elementalist on Apr 2, 2018.
             Slain by an orc (4 damage)
             ... on level 3 of the Dungeon.
             The game lasted 00:27:10 (1591 turns).

Supreme the Digger (Gargoyle Earth Elementalist)    Turns: 1591, Time: 00:27:11

Health: -1/24      AC:  4    Str: 12    XL:     4   Next: 42%
Magic:  8/8        EV: 12    Int: 16    God:
Gold:   42         SH:  0    Dex: 10    Spells: 5/8 levels left

rFire    . . .     SeeInvis .   h - +0 club
rCold    . . .     Gourm    .   (no shield)
rNeg     + . .     Faith    .   r - -2 robe
rPois    ∞         Spirit   .   (no helmet)
rElec    +         Reflect  .   (no cloak)
rCorr    .         Harm     .   p - +0 pair of gloves
MR       .....                  (no boots)
Stlth    ++........             (no amulet)
HPRegen  0.08/turn              (no ring)
MPRegen  0.11/turn              (no ring)

@: no status effects
A: negative energy resistance 1, electricity resistance, unbreathing,
petrification resistance, rot immunity, AC +3
a: no special abilities


You were on level 3 of the Dungeon.
You were not hungry.

You visited 1 branch of the dungeon, and saw 3 of its levels.

You collected 42 gold pieces.

Inventory:

Hand Weapons
 g - a +0 short sword
 h - a +0 club (weapon)
 i - a +0 club
 j - a +0 club
 l - a +0 hunting sling
 m - a +0 club
 t - a +0 club
 u - a +0 club
 v - a +0 whip
 w - a +0 blowgun
 y - a +0 spear
 B - a +0 dagger
 C - a +0 club
 L - a +0 short sword
Missiles
 x - 12 poisoned needles
 z - 6 javelins (quivered)
Armour
 b - a +0 robe
 c - a +0 robe
 n - a +0 robe
 p - a +0 pair of gloves (worn)
 r - a -2 robe (worn)
 E - a +0 robe
 I - a +0 robe
 K - a +0 robe
Scrolls
 a - 2 scrolls of identify
 s - a scroll of remove curse
 A - 3 scrolls of enchant armour
 F - a scroll of immolation {unknown}
 G - a scroll of blinking {unknown}
 M - a scroll of amnesia {unknown}
Potions
 k - a potion of degeneration {unknown}
 o - a potion of lignification {unknown}
 q - a potion of brilliance {unknown}
 D - a potion of curing {unknown}
Books
 e - a book of Geomancy

   Spells                             Type                      Level
   a - Sandblast                      Earth                        1
   b - Passwall                       Transmutation/Earth          2
   c - Stone Arrow                    Conjuration/Earth            3
   d - Petrify                        Transmutation/Earth          4
   e - Lee's Rapid Deconstruction     Earth                        5
Comestibles
 d - 7 rations
 J - a chunk of flesh


   Skills:
 + Level 1.8 Dodging
 + Level 2.4 Stealth
 + Level 2.8 Spellcasting
 + Level 0.7 Transmutations
 + Level 5.2 Earth Magic


You had 5 spell levels left.
You knew the following spells:

 Your Spells              Type           Power        Failure   Level  Hunger
a - Sandblast             Erth           ###...       2%          1    #......
b - Passwall              Tmut/Erth      ##........   9%          2    ##.....


Dungeon Overview and Level Annotations

Branches:
Dungeon (3/15)

Altars:
Ashenzari
Elyvilon
Fedhas
Xom
Zin
The Shining One

Shops:
D:3 *

Annotations:
D:3 1994's ghost, weakling CeAM


Innate Abilities, Weirdness & Mutations

You are resistant to torment.
Your stone body is resilient. (AC +3)
You are immune to poison.
You resist negative energy. (rN+)
You are resistant to electric shocks. (rElec)
You can survive without breathing.
You are immune to petrification.
You are immune to rotting.


Message History

Okay, then.
Casting: Sandblast
Confirm with . or Enter, or press ? or * to list all spells.
Which direction?
This rock feels extremely deep.
The orc hits you.
* * * LOW HITPOINT WARNING * * *
Unknown command.
Casting: Passwall
Confirm with . or Enter, or press ? or * to list all spells.
You don't have enough magic to cast that spell.
As you read the scroll labeled KOASIN DERASY, it crumbles to dust.
It is a scroll of identify.
A - 3 scrolls of enchant armour The orc barely misses you.
As you read the scroll labeled EKLUID GIMARYB, it crumbles to dust.
You feel as if something is helping you.
It was a scroll of remove curse.
The orc barely misses you.
Okay, then.
It was a potion of magic.
Magic courses through your body. The orc hits you.
You die...

.####..........
.....>.........
#.###......... #(#
#......#. ..#
#.....### # ## ###
#..∩.._⌠#.# ##_## #
#.....###.# ##8...8
##.....#..#####?....
#...#...# #@#>.....
#.###K### #o##?....
#......# #W##8...8 ###
#.#.##†####K# #_## ..
.... #.K...K###### .#
#.#....#........# .#
#.#....#...#.##.# .#
#....#####.#...
.########...#...#.....


You could see 1994's ghost, an orc and 2 kobolds.

Vanquished Creatures
  3 adders
  A dart slug (D:2)
  A leopard gecko (D:2)
  3 orcs (D:3)
  A giant cockroach (D:3)
  7 hobgoblins
  6 jackals
  5 kobolds
  9 bats
  4 frilled lizards
  3 goblins
  6 rats
49 creatures vanquished.

Vanquished Creatures (others)
  A bat (D:1)
  2 jackals (D:1)
  A rat (D:1)
4 creatures vanquished.

Grand Total: 53 creatures vanquished

Notes
Turn   | Place    | Note
-------+----------+-------------------------------------------
     0 | D:1      | Supreme the Gargoyle Earth Elementalist began the quest for the Orb.
     0 | D:1      | Reached XP level 1. HP: 10/10 MP: 3/3
   152 | D:1      | Reached skill level 4 in Earth Magic
   167 | D:2      | Reached XP level 2. HP: 15/15 MP: 0/5
   464 | D:2      | Found a white marble altar of Elyvilon.
   561 | D:3      | Reached XP level 3. HP: 19/19 MP: 1/6
   602 | D:3      | Found a glowing golden altar of the Shining One.
   602 | D:3      | Noticed 1994's ghost (weakling CeAM)
  1125 | D:1      | Learned a level 2 spell: Passwall
  1268 | D:2      | Reached XP level 4. HP: 7/24 MP: 7/7
  1399 | D:2      | Reached skill level 5 in Earth Magic
  1542 | D:3      | Found a blossoming altar of Fedhas.
  1565 | D:3      | Found a glowing silver altar of Zin.
  1566 | D:3      | Found Zin's Purification Station.
  1584 | D:3      | Found a shattered altar of Ashenzari.
  1586 | D:3      | Found a shimmering altar of Xom.
  1591 | D:3      | Slain by an orc

Skill      XL: |  1  2  3  4 |
---------------+-------------+-----
Earth Magic    | 4 5 |  5.2
Dodging        | |  1.8
Stealth        | |  2.4
Spellcasting   | |  2.8
Transmutations | |  0.7

Action                   |  1- 3 |  4- 6 || total
-------------------------+-------+-------++-------
Melee: Club              |    43 |     5 ||    48
       Short sword       |     3 |       ||     3
 Cast: Sandblast         |    47 |    17 ||    64
       Passwall          |     2 |     2 ||     4
  Use: Scroll            |       |     2 ||     2
       Potion            |       |     1 ||     1
  Eat: Chunk             |     1 |     2 ||     3
Armor: Robe              |    21 |    19 ||    40
Dodge: Dodged            |    38 |    39 ||    77
